 Dungeon Crawl Stone Soup version 0.28.0-1-gb440e238dd (webtiles) character file.

Game seed: 8683781488990450619

51 spaghetti the Caller (level 3, 0/26 HPs)
             Began as a Demonspawn Summoner on Feb 19, 2022.
             Slain by an ice beast (1 damage)
             ... on level 3 of the Dungeon.
             The game lasted 00:04:11 (2533 turns).

spaghetti the Caller (Demonspawn Summoner)          Turns: 2533, Time: 00:04:12

Health: 0/26       AC:  3    Str:  8    XL:     3   Next: 57%
Magic:  2/6        EV: 12    Int: 16    God:
Gold:   52         SH:  0    Dex: 15    Spells: 0/6 levels left

rFire   . . .      SeeInvis .   b - +0 short sword
rCold   . . .      Faith    .   (no shield)
rNeg    . . .      Spirit   .   a - +0 robe
rPois   .          Reflect  .   c - +0 helmet
rElec   .          Harm     .   (no cloak)
rCorr   .          Rampage  .   (no gloves)
Will    .....                   (no boots)
Stlth   ++........              (no amulet)
HPRegen 0.08/turn               (no ring)
MPRegen 0.10/turn               (no ring)

@: no status effects
A: hooves 1, demonic guardian 1
a: no special abilities


You were on level 3 of the Dungeon.
You visited 1 branch of the dungeon, and saw 3 of its levels.

You collected 52 gold pieces.

Inventory:

Hand Weapons
 b - a +0 short sword (weapon)
Armour
 a - a +0 robe (worn)
 c - a +0 helmet (worn)
Potions
 d - a potion of curing {unknown}
 e - a potion of flight {unknown}
 f - a potion of lignification {unknown}
 g - a potion of brilliance {unknown}


   Skills:
 + Level 1.1 Fighting
 - Level 1.7 Dodging
 - Level 1.7 Stealth
 + Level 0.4 Unarmed Combat
 + Level 2.3 Spellcasting
 + Level 4.8 Summonings


You couldn't memorise any spells.
You knew the following spells:

 Your Spells              Type           Power      Damage    Failure   Level
a - Summon Small Mammal   Summ           68%        N/A       2%          1
b - Call Imp              Summ           17%        N/A       4%          2
c - Call Canine Familiar  Summ           17%        N/A       9%          3

Your spell library contained the following spells:

 Spells                   Type           Power      Damage    Failure   Level
 Beastly Appendage        Tmut           2%         N/A       21%         1
 Summon Guardian Golem    Hex/Summ       9%         N/A       22%         3
 Wereblood                Tmut           1%         N/A       30%         2
 Spider Form              Tmut/Pois      1%         N/A       52%         3
 Summon Lightning Spire   Summ/Air       9%         N/A       58%         4


Dungeon Overview and Level Annotations

Branches:
Dungeon (3/15)

Altars:


Innate Abilities, Weirdness & Mutations

You have large cloven feet.
A weak demonic guardian rushes to your aid.


Message History

Casting: Call Canine Familiar (quite dangerous; 9% risk of failure)
Confirm with . or Enter, or press ? or * to list all spells.
The spell is quite dangerous to miscast (9% risk of failure)!
Continue anyway?
The ice beast hits you. The ice beast freezes you!
Your hound closely misses the ice beast.
Casting: Call Canine Familiar (quite dangerous; 9% risk of failure)
Confirm with . or Enter, or press ? or * to list all spells.
A metallic apparition takes form in the air.
Your hound bites the ice beast but does no damage.
The ice beast hits you but does no damage.
Your hound bites the ice beast but does no damage.
You hit the ice beast.
The ice beast is lightly wounded.
The ice beast hits you but does no damage.
Your hound bites the ice beast but does no damage.
You hit the ice beast. Your kick misses the ice beast.
The ice beast is moderately wounded.
Your hound barely misses the ice beast.
The ice beast barely misses you.
Your hound bites the ice beast.
You hit the ice beast. Your kick misses the ice beast.
The ice beast is heavily wounded.
The ice beast completely misses you.
Your hound misses the ice beast. You barely miss the ice beast.
You kick the ice beast, but do no damage.
The ice beast is heavily wounded.
Your hound barely misses the ice beast.
The ice beast misses you.
Your hound bites the ice beast but does no damage.
The ice beast misses you.
You barely miss the ice beast.
The ice beast is heavily wounded.
Your hound bites the ice beast but does no damage.
The ice beast hits you. The ice beast freezes you!
Ouch! That really hurt!
* * * LOW HITPOINT WARNING * * *
A demonic guardian appears!
Your hound bites the ice beast but does no damage.
You swap places.
Your hound bites the ice beast but does no damage.
The ice beast hits you.
You die...

# ..#####
####........
#...........#
####.##.........
#h@5.##........#
#Y##........)...
#.5.............
#..............#
#.....#.......K#
#......#).#####
#.....#.#..###
####..#......#
....##..##.##


You could see an ice beast (ally target), a friendly hound (summoned) and a
friendly iron imp (summoned).

Vanquished Creatures
  A worm (D:2)
  5 ball pythons
  3 bats (D:2)
  An endoplasm (D:2)
  A giant cockroach (D:2)
  2 goblins (D:2)
  A hobgoblin (D:1)
  A quokka (D:2)
  A kobold (D:2)
  A rat (D:2)
17 creatures vanquished.

Vanquished Creatures (collateral kills)
  An adder (D:2)
  A worm (D:2)
  2 endoplasms (D:2)
  A giant cockroach (D:1)
  3 goblins
  A hobgoblin (D:1)
  A kobold (D:1)
  A ball python (D:2)
  A bat (D:2)
  4 rats
16 creatures vanquished.

Grand Total: 33 creatures vanquished

Notes
Turn   | Place    | Note
-------+----------+-------------------------------------------
     0 | D:1      | spaghetti the Demonspawn Summoner began the quest for the
                  | Orb.
     0 | D:1      | Reached XP level 1. HP: 13/13 MP: 3/3
   260 | D:1      | Gained mutation: A weak demonic guardian rushes to your
                  | aid. [demonic ancestry]
   260 | D:1      | Reached XP level 2. HP: 12/19 MP: 0/5
   265 | D:1      | Learned a level 2 spell: Call Imp
   615 | D:3      | Noticed an ice beast
  1263 | D:2      | HP: 1/20 [worm (10)]
  1591 | D:2      | Discovered your monstrous ancestry.
  1591 | D:2      | Gained mutation: You have large cloven feet. [demonic
                  | ancestry]
  1591 | D:2      | Reached XP level 3. HP: 25/25 MP: 6/6
  1625 | D:2      | Learned a level 3 spell: Call Canine Familiar
  1844 | D:2      | Reached skill level 1 in Fighting
  2532 | D:3      | HP: 1/26 [ice beast (13)]
  2533 | D:3      | Slain by an ice beast

Illustrated notes

Levels and vault maps discovered:
D:1:      minmay_arrival_widening_spiral_wide, layout_basic
D:2:      layout_basic, minmay_pentomino_w2
D:3:      layout_rooms

Skill      XL: |  1  2  3 |
---------------+----------+-----
Fighting       | 1 |  1.1
Dodging        | |  1.7
Stealth        | |  1.7
Unarmed Combat | |  0.4
Spellcasting   | |  2.3
Summonings     | |  4.8

Action                   || total
-------------------------++-------
Melee: Unarmed           ||    12
       Short sword       ||   103
       Punch             ||     1
       Kick              ||     4
 Cast: Summon Small Mamm ||    26
       Call Canine Famil ||     4
       Call Imp          ||     1
 Stab: Sleeping          ||     3
       Distracted        ||     1
Armor: Robe              ||    29
Dodge: Dodged            ||   101
